Map: Efflorescence LE

Players

Throwfordays

  • Race: Protoss Protoss
  • League: Silver
  • Spawn Location: 3:00

Faust

  • Race: Zerg Zerg
  • League: Diamond
  • Spawn Location: 12:00

Stanmyer - Winner!

  • Race: Zerg Zerg
  • League: Gold
  • Spawn Location: 6:00

GnollsWoody - Winner!

  • Race: Protoss Protoss
  • League: Platinum
  • Spawn Location: 9:00

VOD

Have the link to the VOD?

Description

Time

  • Played on: Feb. 5, 2019, 7:56 p.m.
  • Length: 9:14
Show
View Real Time Build Order
Export as new Build Order

Throwfordays Protoss 

Build Orders:  

Get SALT Encoding   

  12  0:00  Probe  
  13  0:13  Probe  
  14  0:18  Pylon  
  14  0:25  Probe  
  15  0:37  Probe  
  15  0:38  Gateway  
  16  0:49  Assimilator, Probe  
  17  1:00  Pylon  
  17  1:01  Probe  
  18  1:13  Probe  
  19  1:25  Probe  
  20  1:29  Cybernetics Core  
  20  1:37  Assimilator  
  20  1:44  Zealot  
  22  1:58  Nexus  
  22  2:04  Pylon  
  22  2:05  Warp Gate  
  22  2:22  Gateway  
  22  2:39  Probe  
  22  2:43  Assimilator  
  23  2:48  Assimilator  
  23  2:51  Gateway, Probe  
  24  3:03  Probe  
  25  3:05  Gateway  
  25  3:08  Probe  
  26  3:16  Probe x2  
  27  3:24  Probe  
  28  3:28  Probe  
  30  3:36  Probe  
  30  3:40  Probe  
  30  3:49  Probe  
  30  3:50  Forge  
  30  3:52  Probe  
  30  3:55  Twilight Council  
  32  4:01  Probe  
  33  4:04  Adept, Probe  
  33  4:09  Adept  
  38  4:13  Adept, Probe  
  38  4:16  Probe  
  42  4:19  Adept  
  44  4:34  Adept x2  
  44  4:37  Protoss Ground Weapons Level 1  
  42  4:52  Resonating Glaives  
  48  5:07  Probe  
  49  5:09  Probe  
  50  5:15  Pylon  
  50  5:19  Probe  
  50  5:21  Probe  
  52  5:27  Pylon  
  52  5:30  Pylon  
  52  5:31  Probe  
  52  5:33  Probe  
  54  5:38  Nexus  
  54  5:49  Nexus  
  50  5:50  Stalker  
  50  5:51  Pylon, Stalker x3  
  56  5:59  Probe  
  56  6:00  Pylon  
  57  6:11  Probe  
  58  6:21  Robotics Facility  
  58  6:22  Robotics Facility  
  58  6:23  Stalker x3, Probe  
  58  6:24  Stalker  
  63  6:40  Blink  
  50  7:02  Stalker x4  
  34  7:27  Probe  
  26  7:31  Stalker x4  
  27  7:37  Pylon  
  27  7:39  Probe  
  27  7:40  Pylon  
  27  7:42  Pylon  
  22  7:50  Immortal x2  
  30  7:51  Probe  
  31  8:03  Probe  
  31  8:04  Probe  
  33  8:05  Probe  
  34  8:15  Probe  
  34  8:16  Probe  
  35  8:27  Probe  
  35  8:28  Probe  
  35  8:29  Stalker  
  38  8:34  Probe  
  38  8:40  Probe  
  40  8:42  Probe  
  41  8:52  Probe  
Show
View Real Time Build Order
Export as new Build Order

Faust Zerg 

Build Orders: Hatch First, Zergling Baneling 

Get SALT Encoding   

  12  0:01  Drone  
  13  0:09  Drone  
  14  0:16  Extractor, Drone  
  15  0:23  Overlord  
  15  0:43  Drone x2  
  17  0:56  Hatchery  
  16  1:02  Drone  
  17  1:14  Spawning Pool  
  17  1:17  Drone  
  17  1:27  Extractor, Drone x2  
  18  1:42  Drone  
  19  2:01  Queen  
  19  2:03  Zergling x2  
  19  2:06  Overlord  
  19  2:08  Zergling x2, Queen  
  23  2:09  Zergling x2  
  26  2:16  Zergling x2  
  27  2:32  Metabolic Boost  
  27  2:40  Overlord  
  27  2:42  Drone x3  
  27  2:43  Drone  
  31  2:54  Drone x2  
  31  2:55  Baneling Nest  
  32  3:13  Drone  
  32  3:14  Drone x3, Overlord  
  36  3:39  Zergling x12  
  36  3:40  Zergling x2  
  41  3:45  Overlord  
  39  3:57  Baneling x2  
  39  4:02  Baneling  
  39  4:03  Baneling  
  33  4:17  Zergling x2  
  33  4:18  Zergling x16  
  33  4:19  Zergling x2  
  33  4:20  Zergling x4  
  38  4:42  Drone  
  38  4:43  Drone x3  
  41  4:54  Baneling x2  
  41  4:56  Baneling x2  
  41  4:58  Drone x2  
  41  4:59  Drone x2  
  45  5:02  Overlord  
  45  5:06  Queen, Roach Warren  
  46  5:17  Hatchery  
  45  5:22  Drone x2  
  45  5:26  Overlord  
  47  5:29  Spore Crawler  
  47  5:32  Spore Crawler  
  47  5:34  Drone x3  
  38  6:00  Zergling x2  
  38  6:01  Zergling x8  
  38  6:03  Queen  
  45  6:04  Overlord  
  45  6:22  Zergling x6  
  48  6:33  Zergling x8  
  48  6:35  Queen  
  44  7:14  Zergling x22  
  44  7:15  Zergling x8  
  54  7:39  Zergling x8  
  54  7:47  Zergling x2  
  54  7:48  Zergling x8  
  56  7:56  Lair  
  56  7:58  Evolution Chamber x2  
  50  8:10  Zergling x2  
  50  8:11  Zergling x10  
  53  8:23  Zergling x4  
  53  8:24  Zergling x18  
  53  8:25  Baneling  
  53  8:26  Baneling x6  
  64  8:27  Baneling x2  
  64  8:41  Extractor  
  44  8:57  Zergling x2  
Show
View Real Time Build Order
Export as new Build Order

Stanmyer Zerg - Winner!

Build Orders: Hatch First 

Get SALT Encoding   

  12  0:01  Drone  
  13  0:08  Drone  
  14  0:18  Overlord  
  14  0:36  Drone x3  
  17  0:47  Drone  
  18  1:02  Drone, Hatchery  
  18  1:12  Drone  
  18  1:14  Extractor  
  18  1:21  Drone  
  19  1:33  Spawning Pool, Drone  
  19  1:43  Drone  
  20  1:51  Overlord  
  20  2:02  Drone  
  21  2:19  Metabolic Boost  
  21  2:27  Hatchery  
  21  2:28  Zergling x4  
  21  2:33  Drone  
  22  2:37  Queen  
  24  2:48  Zergling x6  
  27  2:51  Zergling x2  
  27  2:52  Zergling x2  
  29  3:02  Zergling x4  
  31  3:12  Drone  
  32  3:14  Drone  
  32  3:19  Zergling x2  
  34  3:23  Drone  
  34  3:26  Spine Crawler  
  34  3:34  Drone x2  
  36  3:39  Extractor  
  35  3:48  Drone x4  
  36  3:49  Drone  
  36  3:50  Drone  
  40  3:57  Roach Warren  
  39  4:04  Zergling x2, Drone  
  38  4:29  Drone  
  38  4:30  Drone x3  
  39  4:49  Zergling x2  
  39  4:50  Zergling x4  
  40  4:54  Spine Crawler  
  40  4:55  Spine Crawler x2  
  40  4:56  Drone x2  
  40  4:59  Zergling x6  
  41  5:00  Lair  
  41  5:03  Drone  
  42  5:13  Overlord x2  
  42  5:23  Overlord  
  42  5:33  Roach  
  42  5:34  Roach x5  
  47  5:47  Zergling x8  
  51  5:55  Roach x2  
  55  6:03  Zergling x4  
  55  6:04  Zergling x4, Queen  
  59  6:06  Queen  
  59  6:08  Zergling x4  
  65  6:13  Hydralisk Den  
  64  6:25  Roach  
  66  6:26  Overlord  
  66  6:27  Overlord x2  
  64  6:55  Roach  
  64  6:56  Roach x5  
  69  7:09  Roach  
  69  7:10  Roach x5  
  71  7:17  Roach  
  71  7:24  Spire  
  71  7:25  Drone  
  70  7:43  Roach x7  
  70  7:44  Roach x3  
  84  7:56  Roach x3  
  86  8:04  Hydralisk  
  86  8:05  Overlord x4  
  88  8:27  Zergling x2  
  88  8:28  Zergling x10  
  94  8:34  Spore Crawler  
  94  8:36  Spore Crawler  
Show
View Real Time Build Order
Export as new Build Order

GnollsWoody Protoss - Winner!

Build Orders: Blink Stalkers 

Get SALT Encoding   

  12  0:15  Probe  
  13  0:21  Pylon  
  13  0:27  Probe  
  14  0:36  Probe  
  14  0:40  Gateway  
  15  0:44  Probe  
  15  0:47  Assimilator  
  16  0:53  Probe  
  17  1:05  Pylon  
  17  1:06  Probe  
  18  1:18  Probe  
  19  1:27  Cybernetics Core  
  19  1:30  Probe  
  20  1:37  Assimilator  
  20  1:42  Probe  
  21  1:55  Warp Gate  
  21  1:56  Pylon  
  21  2:00  Probe  
  22  2:09  Stalker  
  22  2:15  Probe  
  25  2:23  Gateway  
  25  2:35  Twilight Council  
  25  2:36  Gateway  
  25  2:55  Blink  
  25  2:56  Nexus  
  25  3:03  Zealot  
  26  3:11  Zealot  
  28  3:25  Sentry  
  30  3:30  Zealot  
  32  3:47  Gateway  
  32  3:51  Stalker  
  34  3:57  Pylon  
  34  4:01  Probe  
  35  4:05  Probe  
  36  4:13  Probe x2  
  37  4:18  Stalker  
  37  4:23  Probe  
  40  4:26  Stalker  
  40  4:29  Zealot  
  45  4:37  Probe  
  46  4:42  Forge  
  46  4:50  Probe  
  47  4:59  Stalker  
  49  5:00  Stalker  
  49  5:01  Protoss Ground Weapons Level 1  
  49  5:02  Stalker  
  53  5:07  Stalker  
  55  5:18  Pylon  
  55  5:21  Probe  
  55  5:24  Pylon  
  55  5:26  Charge  
  56  5:33  Probe  
  51  6:00  Stalker x2  
  51  6:01  Zealot x2  
  59  6:14  Pylon, Robotics Facility  
  59  6:43  Pylon  
  59  6:56  Pylon  
  55  7:12  Stalker x4  
  61  7:34  Gateway  
  61  7:37  Gateway, Immortal  
  61  7:38  Pylon, Gateway  
  51  7:52  Zealot x4  
  59  8:01  Probe  
  60  8:09  Probe  
  60  8:15  Stalker x2  
  60  8:16  Warp Prism  
  60  8:18  Stalker, Probe  
  66  8:30  Probe  
  66  8:31  Stalker x2  
  71  8:42  Zealot  
  71  8:43  Zealot x2  
Tags
 
Add a new tag
Caveats
  • Supply blocks, unpowered buildings, or Contaminate may cause inaccurate times.
  • Supply counts are checked every 10 seconds.